AoeStats
← kingjohnkk

Baltic

511012988Analyzed
4v4 RM · 6h ago on Oct 3, 2026· 54m 6s· 8 players
Game mode
Random Map
Map size
Large (8 player)
Population
200
Speed
Normal
Resources
Standard
Victory
Conquest
Starting age
Dark Age
Ending age
Imperial Age
RankedLock teamsTeams togetherTeam positionsShared explorationLock speedFull tech treeHidden civsTurbo modeCheats
Victory
Defeat
🇵🇪 Maya · Peru
949
+13
🇦🇺 Italians · Australia
947
+13
🇺🇸 Spanish · United States
842
+17
🇨🇳 Celts · China
840
+17
🇨🇳 Magyars · China
904
-16
🇵🇱 Japanese · Poland
869
-15
🇵🇪 Khmer · Peru
863
-15
🇵🇰 Inca · Pakistan
848
-14
ALAM-THE-GHAZAI
13:27 Feudal Age
15:27 Fishing Lines
16:27 Wheelbarrow
19:41 Castle Age
19:07 Double-Bit Axe
21:29 Bow Saw
21:34 Horse Collar
22:33 Town Watch
23:13 Loom
23:44 Heavy Plow
24:53 Gold Mining
25:39 Forging
26:14 Town Patrol
26:58 Scale Mail Armor
27:24 Fletching
28:05 Caravan
28:57 Gold Shaft Mining
30:00 Hand Cart
33:03 Crossbowman
33:48 Thumb Ring
36:22 Imperial Age
34:34 Bodkin Arrow
35:08 Padded Archer Armor
36:21 Iron Casting
36:03 Chain Mail Armor
36:06 Stone Mining
36:38 Leather Archer Armor
37:28 Stone Shaft Mining
38:07 Chemistry
36:48 Treadmill Crane
37:12 Bracer
37:26 Arbalester
38:42 Conscription
38:57 Crop Rotation
38:56 Masonry
40:22 Elite Kamayuk
41:04 Andean Sling
41:48 Ring Archer Armor
42:44 Medium Warships
42:08 Demolition Ship
48:44 Hoardings
50:14 Elite Skirmisher
53:08 Blast Furnace
52:38 Plate Mail Armor
53:25 Murder Holes
54:15 Ballistics
54:01 Siege Engineers
92marcinkol92
0:51 Loom
14:49 Feudal Age
15:31 Double-Bit Axe
16:24 Wheelbarrow
15:37 Town Watch
16:17 Fishing Lines
17:20 Gold Mining
17:23 Stone Mining
21:30 Castle Age
19:34 Fletching
19:54 Forging
19:45 Scale Mail Armor
22:58 Bow Saw
22:51 Bodkin Arrow
23:32 Iron Casting
23:12 Chain Mail Armor
26:22 Imperial Age
25:00 Gillnets
25:43 Town Watch
26:15 Hand Cart
26:21 Hand Cart
29:11 Two-Man Saw
27:55 Horse Collar
29:23 Elite Samurai
34:00 Blast Furnace
33:46 Conscription
34:52 Kataparuto
35:20 Plate Mail Armor
34:51 Bracer
35:32 Hoardings
37:15 Town Patrol
37:19 Treadmill Crane
37:50 Masonry
38:41 Chemistry
38:02 Ballistics
37:28 Arrowslits
38:49 Yasama
51:30 Heavy Plow
51:52 Siege Engineers
51:42 Murder Holes
chuanlaoda
7:21 Loom
12:17 Feudal Age
13:39 Wheelbarrow
13:23 Double-Bit Axe
22:33 Castle Age
20:53 Horse Collar
25:00 Bow Saw
26:09 Corvinian Army
26:26 Scale Barding Armor
28:18 Husbandry
28:29 Bloodlines
28:56 Heavy Plow
32:39 Hand Cart
33:39 Murder Holes
33:56 Masonry
34:08 Chain Barding Armor
38:36 Imperial Age
38:13 Guard Tower
38:46 Ballistics
38:07 Treadmill Crane
39:59 Conscription
40:44 Elite Magyar Huszar
42:51 Parthian Tactics
42:33 Thumb Ring
42:22 Heavy Cavalry Archer
43:14 Capped Ram
46:10 Caravan
46:05 Onager
47:58 Recurve Bow
48:34 Hoardings
47:30 Sappers
CyberNinjaX
13:59 Feudal Age
15:38 Wheelbarrow
21:14 Castle Age
20:26 Double-Bit Axe
24:51 Bow Saw
25:12 Hand Cart
26:10 Elite Skirmisher
26:51 Town Watch
27:38 Bloodlines
27:22 Fishing Lines
28:27 Husbandry
30:34 Gillnets
32:16 Light Cavalry
32:53 Fletching
33:05 Padded Archer Armor
33:31 Medium Warships
33:36 Gold Mining
33:37 Stone Mining
34:36 Bodkin Arrow
34:57 Leather Archer Armor
37:11 Town Patrol
39:50 Imperial Age
39:18 Ballistics
38:55 Murder Holes
39:25 Loom
41:13 Heavy Warships
44:45 Cavalier
47:51 Forging
47:46 Scale Barding Armor
48:55 Town Patrol
48:30 Hussar
53:17 Ballistics
kingjohnkk
1:59 Loom
10:12 Feudal Age
11:27 Wheelbarrow
10:40 Double-Bit Axe
12:41 Fishing Lines
16:36 Gold Mining
21:55 Castle Age
22:45 Bow Saw
22:53 Hand Cart
22:30 Gillnets
22:40 Gold Mining
23:48 Stone Mining
25:09 Stone Shaft Mining
31:03 Imperial Age
31:10 Imperial Age
29:14 Husbandry
29:24 Bloodlines
29:24 Scale Barding Armor
31:20 Chain Barding Armor
31:25 Town Watch
32:59 Chemistry
33:28 Two-Man Saw
33:07 Elite Cannon Galleon
35:02 Fortified Wall
35:13 Ballistics
35:50 Clinker Construction
35:51 Careening
38:30 Shipwright
38:32 Carvel Hull
39:56 Dry Dock
40:26 Plate Barding Armor
40:56 Guilds
42:26 Caravan
42:26 Cavalier
43:45 Town Patrol
45:41 Siphons
46:13 Paladin
47:15 Conscription
47:53 Bombard Tower
47:45 Masonry
49:42 Architecture
49:08 Murder Holes
48:59 Arrowslits
50:15 Block Printing
50:12 Fervor
50:23 Redemption
50:36 Sanctity
51:08 Theocracy
52:09 Guard Tower
LORD PETER
0:38 Loom
13:13 Feudal Age
15:50 Double-Bit Axe
18:38 Fletching
18:49 Padded Archer Armor
22:40 Gold Mining
26:50 Castle Age
24:47 Horse Collar
27:05 Scale Mail Armor
27:15 Forging
27:36 Crossbowman
29:53 Stone Mining
30:11 Bodkin Arrow
33:04 Ballistics
33:48 Heavy Plow
34:26 Stone Shaft Mining
34:10 Leather Archer Armor
34:31 Iron Casting
34:11 Chain Mail Armor
35:00 Bow Saw
38:56 Imperial Age
36:16 Town Watch
37:35 Thumb Ring
40:03 Wheelbarrow
39:01 Arbalester
40:45 Chemistry
40:10 Bracer
42:04 Ring Archer Armor
42:40 Plate Mail Armor
43:11 Blast Furnace
43:37 Masonry
43:23 Murder Holes
42:55 Eagle Warrior
44:51 Two-Man Saw
44:18 Arson
45:26 Elite Eagle Warrior
47:28 Holcans
49:22 Pikeman
50:02 Squires
51:29 Halberdier
53:05 Hul'che Javelineers
52:26 Elite Plumed Archer
Socom
13:17 Feudal Age
14:02 Loom
17:49 Castle Age
16:31 Double-Bit Axe
16:29 Horse Collar
19:06 Heavy Plow
20:42 Wheelbarrow
31:59 Imperial Age
29:17 Town Watch
30:12 Fletching
30:22 Padded Archer Armor
32:31 Fortified Wall
32:47 Ballistics
32:26 Bodkin Arrow
32:48 Leather Archer Armor
33:45 Chemistry
33:10 Conscription
34:12 Bracer
35:24 Pirotechnia
45:28 Silk Road
46:22 Caravan
46:37 Elite Cannon Galleon
抽风Crazy
0:36 Loom
Connection lost

Rejoining the realm…

Still unreachable

The connection could not be restored.

Session expired

The server has moved on; the page needs a fresh start.